 Dungeon Crawl Stone Soup version 0.26-a0-58-g79b31b8662 (webtiles) character file.

Game seed: 11407246961574857792

629 Kouluttaja the Slasher (level 7, -1/60 HPs)
             Began as a Purple Draconian Berserker on June 8, 2020.
             Was a Believer of Trog.
             Slain by Pikel
             ... wielding a +0 whip of flaming
              (4 damage)
             ... on level 5 of the Dungeon.
             The game lasted 00:22:54 (4478 turns).

Kouluttaja the Slasher (Purple Draconian Berserker) Turns: 4478, Time: 00:22:55

Health: -1/60      AC:  6    Str: 21    XL:     7   Next: 23%
Magic:  7/7        EV: 14    Int:  7    God:    Trog [**....]
Gold:   172        SH:  0    Dex: 11    Spells: 6/6 levels left

rFire    . . .     SeeInvis .   a - +0 falchion
rCold    . . .     Gourm    .   (no shield)
rNeg     . . .     Faith    .   (armour unavailable)
rPois    .         Spirit   .   (helmet restricted)
rElec    .         Reflect  .   (no cloak)
rCorr    .         Harm     .   (no gloves)
MR       +....                  (no boots)
Stlth    ++........             (no amulet)
HPRegen  0.20/turn              (no ring)
MPRegen  0.10/turn              (no ring)

@: no status effects
A: breathe power, unfitting armour, cold-blooded, AC +6
a: Breathe Dispelling Energy, Berserk, Trog's Hand, Renounce Religion


You were on level 5 of the Dungeon.
You worshipped Trog.
Trog was pleased with you.
You were hungry.

You visited 1 branch of the dungeon, and saw 5 of its levels.

You collected 172 gold pieces.

Inventory:

Hand Weapons
 a - a +0 falchion (weapon)
Jewellery
 k - an uncursed ring of wizardry {unknown}
 p - an uncursed ring of fire {unknown}
Scrolls
 c - 2 scrolls of teleportation
 d - a scroll of noise
 e - a scroll of amnesia {unknown}
 f - 2 scrolls of enchant weapon {unknown}
 o - 3 scrolls of random uselessness {unknown}
 q - 2 scrolls of magic mapping {unknown}
Potions
 g - a potion of berserk rage
 h - 2 potions of brilliance
 i - a potion of invisibility
 j - a potion of degeneration {unknown}
 m - a potion of stabbing
 n - a potion of curing {unknown}
Comestibles
 b - a ration
 r - 2 chunks of flesh


   Skills:
 + Level 4.7 Fighting
 + Level 6.0 Long Blades
 + Level 4.6 Dodging
 + Level 2.4 Stealth


You had 6 spell levels left.
You didn't know any spells.
Your spell library was empty.

Dungeon Overview and Level Annotations

Branches:
Dungeon (5/15)
 Temple: D:4-7

Altars:
Cheibriados
Fedhas
Hepliaklqana
Kikubaaqudgha
Okawaru
Ru
Trog
Xom
The Shining One

Shops:
D:4 *

Annotations:
D:5 Pikel


Innate Abilities, Weirdness & Mutations

You can breathe bolts of dispelling energy.
Your rich purple scales are hard. (AC +6)
You cannot fit into any form of body armour.
You are cold-blooded and may be slowed by cold attacks.


Message History

You hit Pikel.
Pikel is lightly wounded.
Pikel hits you but does no damage.
You barely miss Pikel.
Your tail-slap misses Pikel.
Pikel is lightly wounded.
Pikel barely misses you.
You barely miss Pikel.
Pikel is lightly wounded.
Your skin stops crawling.
You feel less resistant to hostile enchantments.
Pikel hits you with a +0 whip of flaming.
* * * LOW HITPOINT WARNING * * *
Pikel burns you.
* * * LOW HITPOINT WARNING * * *
You hit Pikel but do no damage.
Pikel is lightly wounded.
Pikel hits you with a +0 whip of flaming!
* * * LOW HITPOINT WARNING * * *
Pikel burns you.
You die...

!# # ### ... #.# #.#
#.# #[ #@#
.#.#####K#
........p#
##.####.##
#.##...####
#####.##......##
...#.#..#..#..#
####.#..#...#...##
##
#.....#...#...#..###


You could see Pikel and a slave.

Vanquished Creatures
  Eustachio (D:5)
  A sky beast (D:5)
  3 slaves (D:5)
  A howler monkey (D:4)
  2 vampire bats (D:3)
  An orc priest (D:5)
  2 hounds (D:4)
  An iguana (D:4)
  3 worker ants
  4 adders
  2 oozes
  5 worms
  3 dart slugs
  2 leopard geckos (D:3)
  4 orcs
  11 bats
  2 giant cockroaches
  4 goblins
  3 hobgoblins
  4 jackals (D:4)
  2 quokkas
  3 frilled lizards
  2 kobolds (D:2)
  4 rats
70 creatures vanquished.

Notes
Turn   | Place    | Note
-------+----------+-------------------------------------------
     0 | D:1      | Kouluttaja the Draconian Berserker began the quest for the
                  | Orb.
     0 | D:1      | Reached XP level 1. HP: 19/19 MP: 1/1
   535 | D:1      | Reached XP level 2. HP: 25/26 MP: 2/2
   605 | D:2      | Found a hazy altar of Hepliaklqana.
  1055 | D:2      | Reached XP level 3. HP: 12/31 MP: 3/3
  1640 | D:2      | Found a snail-covered altar of Cheibriados.
  1677 | D:3      | Reached ** piety under Trog
  1679 | D:3      | Reached skill level 4 in Long Blades
  1679 | D:3      | Reached XP level 4. HP: 40/40 MP: 4/4
  1748 | D:3      | Found a sacrificial altar of Ru.
  1817 | D:3      | Reached XP level 5. HP: 41/46 MP: 5/5
  2404 | D:3      | Reached skill level 1 in Stealth
  2639 | D:4      | Reached skill level 5 in Long Blades
  2839 | D:4      | Reached XP level 6. HP: 6/52 MP: 6/6
  2861 | D:4      | HP: 2/52 [poisoned by a worker ant]
  3169 | D:4      | Found Immim's General Store.
  3233 | D:5      | Entered Level 5 of the Dungeon
  3691 | D:4      | Found a sacrificial altar of Ru.
  3691 | D:4      | Found an iron altar of Okawaru.
  3696 | D:4      | Found a glowing golden altar of the Shining One.
  3787 | D:4      | Found a bloodstained altar of Trog.
  3790 | D:4      | Found an ancient bone altar of Kikubaaqudgha.
  3792 | D:4      | Found a blossoming altar of Fedhas.
  3793 | D:4      | Found a shimmering altar of Xom.
  4029 | D:5      | Noticed a sky beast
  4045 | D:5      | Killed a sky beast
  4045 | D:5      | Your scales start taking on a rich purple colour.
  4045 | D:5      | Reached XP level 7. HP: 19/60 MP: 7/7
  4291 | D:5      | Noticed Eustachio
  4322 | D:5      | Killed Eustachio
  4322 | D:5      | Reached skill level 6 in Long Blades
  4395 | D:5      | Noticed Pikel
  4478 | D:5      | HP: 3/60 [Pikel/+0 whip of flaming (9)]
  4478 | D:5      | Slain by Pikel

Illustrated notes

Levels and vault maps discovered:
D:1:      tarquinn_simple_flora_water_b, layout_basic
D:2:      layout_loops_ring, overflow_temple_1_default, kennysheep_slug_shrine,
          nicolae_overflow_hidden_temple, first_ration, minmay_crystal_water,
          due_unseen_surprise
D:3:      layout_loops_cross, roderic_batcave, grunt_ministairs_9,
          nicolae_ru_awakened_eye
D:4:      layout_cave_pools, minitemple, grunt_temple_overflow_open,
          serial_shops, shop
D:5:      layout_loops_corners, hex_large, uniq_edmund, uniq_pikel,
          uniq_eustachio, uniq_blork_the_orc

Skill      XL: |  1  2  3  4  5  6  7 |
---------------+----------------------+-----
Dodging        | 3 4 |  4.6
Long Blades    | 4 5 6 |  6.0
Fighting       | 4 |  4.7
Stealth        | 1 2 |  2.4

Action                   |  1- 3 |  4- 6 |  7- 9 || total
-------------------------+-------+-------+-------++-------
Melee: Falchion          |    84 |   145 |    64 ||   293
       Tailslap          |     8 |    22 |     9 ||    39
Invok: Berserk           |     1 |     1 |     1 ||     3
       Trog's Hand       |       |       |     2 ||     2
 Abil: Breathe Dispellin |       |       |     1 ||     1
  Use: Scroll            |     3 |     1 |       ||     4
       Potion            |       |     2 |     1 ||     3
 Stab: Sleeping          |     1 |     3 |       ||     4
  Eat: Ration            |     1 |     3 |       ||     4
       Chunk             |       |     1 |       ||     1
Armor: Skin              |    26 |    51 |    24 ||   101
Dodge: Dodged            |    48 |   120 |    42 ||   210
       Rpst.: Falchion   |    17 |    43 |     9 ||    69

Table legend:
 A = Non-vault XP
 B = Vault XP
 C = Vault XP percentage of total XP
 D = Non-vault monster count
 E = Vault monster count
 F = Vault count percentage of total count
                 A         B        C        D         E       F
            +---------+---------+-------+---------+---------+-------
      Total |     612 |     287 |  31.9 |      54 |      13 |  19.4
            +---------+---------+-------+---------+---------+-------
        D:1 |      13 |       0 |   0.0 |       8 |       0 |   0.0
        D:2 |      46 |       4 |   8.0 |      16 |       1 |   5.9
        D:3 |      91 |     120 |  56.9 |      12 |      11 |  47.8
        D:4 |     247 |       0 |   0.0 |      14 |       0 |   0.0
        D:5 |     215 |     163 |  43.1 |       4 |       1 |  20.0
            +---------+---------+-------+---------+---------+-------
